 Dungeon Sprint DCSS version 0.24-a0-244-ga6a6ab7 (webtiles) character file.

Game seed: 13687608064999704682

3143 MikeHunt the Martial Artist (level 9, -3/79 HPs)
             Began as a Pale Draconian Transmuter on Apr 10, 2019.
             Was a High Priest of Dithmenos.
             Slain by a redback (5 damage)
             ... in the Dungeon (Sprint III: "The Ten Rune Challenge").
             The game lasted 00:09:07 (1855 turns).

MikeHunt the Martial Artist (DrTm)                  Turns: 1855, Time: 00:09:08

Health: -3/79      AC:  2    Str: 12    XL:     9   Next: 61%
Magic:  14/16      EV: 29    Int: 16    God:    Dithmenos [*****.]
Gold:   2283       SH:  0    Dex: 18    Spells: 6/17 levels left

rFire    . . .     SeeInvis .     - Unarmed
rCold    . . .     Gourm    .   (shield currently unavailable)
rNeg     . . .     Faith    .   (armour unavailable)
rPois    x         Spirit   .   (helmet currently unavailable)
rElec    .         Reflect  .   (cloak currently unavailable)
rCorr    .         Harm     .   (gloves currently unavailable)
MR       .....     NoTele   +   (boots currently unavailable)
Stlth    ++++++....             (no amulet)
HPRegen  0.23/turn              (no ring)
MPRegen  0.15/turn              (no ring)

@: spider-form, wreathed by umbra
A: tiny, (breathe steam), unfitting armour, AC +7
a: End Transformation, Shadow Step, Shadow Form, Renounce Religion


You were in the Dungeon.
You worshipped Dithmenos.
Dithmenos was extremely pleased with you.
You were hungry.
You were a venomous arachnid creature.
You visited 1 branch You collected 2298 gold pieces.
You spent 15 gold pieces at shops.

Inventory:

Missiles
 a - 7 arrows
 j - 8 sling bullets
Armour
 e - a cursed +0 pair of gloves (melded)
 k - a +1 cloak (melded)
Scrolls
 i - a scroll of blinking
 l - a scroll of immolation {unknown}
 m - a scroll of enchant weapon {unknown}
 n - a scroll of identify
 p - a scroll of torment {unknown}
 q - 2 scrolls of remove curse
Potions
 d - a potion of curing
 f - 2 potions of haste
 g - 2 potions of magic
 h - 8 potions of mutation
 o - a potion of flight
Comestibles
 b - a chunk of flesh {@w1}
 c - 3 rations


   Skills:
 + Level 7.3 Fighting
 + Level 9.5 Dodging
 - Level 7.7 Stealth
 + Level 11.6 Unarmed Combat
 - Level 4.7 Spellcasting
 - Level 11.3 Transmutations
 - Level 5.0 Poison Magic


You had 6 spell levels left.
You knew the following spells:

 Your Spells              Type           Power        Failure   Level  Hunger
a - Sticks to Snakes      Tmut           #####...     2%          2    ##.....
e - Beastly Appendage     Tmut           #####.       1%          1    None
g - Blade Hands           Tmut           #####.....   13%         5    ######.
t - Spider Form           Tmut/Pois      ####......   7%          3    ###....

Your spell library contained the following spells:

 Spells                   Type           Power        Failure   Level  Hunger
 Confusing Touch          Hex            #.....       34%         1    None
 Ice Form                 Ice/Tmut       ###.....     34%         4    ####...
 Petrify                  Tmut/Erth      ###.....     34%         4    ####...
 Yara's Violent Unravell  Hex/Tmut       ###.......   61%         5    ######.
 Confuse                  Hex            #.......     65%         3    ###....
 Gell's Gravitas          Tloc           #.........   65%         3    ###....
 Metabolic Englaciation   Hex/Ice        #.........   100%        5    ######.


Dungeon Overview and Level Annotations

Branches:
Dungeon (1/1)

Altars:
Cheibriados
Dithmenos
Elyvilon
Fedhas
Gozag
Hepliaklqana
Kikubaaqudgha
Makhleb
Nemelex Xobeh
Okawaru
Qazlal
Ru
Sif Muna
Trog
Uskayaw
Vehumet
Wu Jian
Xom
Yredelemnul
Zin
The Shining One
Beogh
Jiyva
Lugonu

Shops:
D [

Annotations:
D Erolcha


Innate Abilities, Weirdness & Mutations

((You can breathe blasts of scalding, opaque steam.))
((Your pale cyan-grey scales are hard. (AC +7)))
You cannot fit into any form of body armour.
((You are cold-blooded and may be slowed by cold attacks.))


Message History

The orc high priest drops a net on you. A large net falls onto you!
You become entangled in the net!
The two-headed ogre shouts in stereo!
You hear a shout!
The orc shouts!
The orc high priest shouts!
You see here a throwing net.
You struggle against the net.
The two-headed ogre hits you with a +0 giant club!
The two-headed ogre barely misses you. Erolcha hits you with a +0 giant club!
You struggle against the net.
The redback bites you! The two-headed ogre barely misses you.
The two-headed ogre misses you.
The orc high priest says, "All sinners must die."
Erolcha hits you but does no damage.
You shred the net and break free! The redback misses you.
The two-headed ogre hits you with a +0 giant club!
* * * LOW HITPOINT WARNING * * *
The two-headed ogre hits you with a +0 giant club!
* * * LOW HITPOINT WARNING * * *
The redback closely misses you. The redback bites you.
You die...

#####.#...##..#######
#__###..#..#..+.#...#
#._#..........#
#)##..........#
...#........#.#
...#.##.∩.###.#
##'#.#.##.# ###
...#'##############
...#....#)#.#)..s.#
..)##[#..#.##.###s#
..))##)#.#.##.#O.##
...#)))#..#..##.O'soo...
▓▓▓▓▓▓▓▓▓▓▓▓▓▓▓▓▓#o....^
o^..^. ..... ...^. ####


You could see a redback.

Vanquished Creatures
  2 orc high priests (D)
  A deep elf mage (D)
  A shadow (D)
  A spatial vortex (D)
  A necrophage (D)
  4 two-headed ogres (D)
  A water elemental (D)
  A jelly (D)
  5 orc priests (D)
  A wizard (D)
  2 orc wizards (D)
  Crazy Yiuf (D)
  A necromancer (D)
  3 humans (D)
  A kobold demonologist (D)
  2 oozes (D)
  4 orcs (D)
  A rat (D)
33 creatures vanquished.

Vanquished Creatures (collateral kills)
  Jessica (D)
1 creature vanquished.

Vanquished Creatures (others)
  2 draconian scorchers (D)
  6 hellions (D)
  2 yaktaurs (D)
  4 plants (D)
14 creatures vanquished.

Grand Total: 48 creatures vanquished

Notes
Turn   | Place    | Note
-------+----------+-------------------------------------------
     0 | D        | MikeHunt the Draconian Transmuter began the quest for the
                  | Orb.
     0 | D        | Reached XP level 1. HP: 16/16 MP: 3/3
    78 | D        | Killed a hellion
   103 | D        | Killed a hellion
   105 | D        | Killed a hellion
   138 | D        | Reached XP level 2. HP: 15/23 MP: 3/5
   138 | D        | Killed a hellion
   141 | D        | Killed a hellion
   147 | D        | Killed a hellion
   148 | D        | Killed a white draconian scorcher
   149 | D        | Killed a white draconian scorcher
   161 | D        | Learned a level 2 spell: Sticks to Snakes
   165 | D        | Noticed Jessica
   181 | D        | Killed Jessica
   181 | D        | Reached skill level 5 in Unarmed Combat
   248 | D        | Reached XP level 3. HP: 15/28 MP: 2/6
   254 | D        | Killed a yaktaur
   385 | D        | Noticed Crazy Yiuf
   391 | D        | Killed Crazy Yiuf
   391 | D        | Reached XP level 4. HP: 35/35 MP: 7/7
   436 | D        | Learned a level 3 spell: Spider Form
   436 | D        | Noticed a water elemental
   452 | D        | Killed a water elemental
   452 | D        | Reached skill level 5 in Transmutations
   528 | D        | Found a hide-covered altar of Uskayaw.
   528 | D        | Found a roughly hewn altar of Beogh.
   528 | D        | Found an iron altar of Okawaru.
   528 | D        | Found a bloodstained altar of Trog.
   528 | D        | Found an ornate altar of the Wu Jian Council.
   528 | D        | Noticed a human
   528 | D        | Noticed a human
   537 | D        | Killed a human
   537 | D        | Reached skill level 5 in Dodging
   537 | D        | Reached XP level 5. HP: 20/40 MP: 4/10
   545 | D        | Killed a human
   545 | D        | Reached XP level 6. HP: 16/47 MP: 4/12
   755 | D        | Found a basalt altar of Yredelemnul.
   755 | D        | Found a shadowy altar of Dithmenos.
   755 | D        | Found a sacrificial altar of Ru.
   761 | D        | Reached skill level 5 in Poison Magic
   768 | D        | Became a worshipper of Dithmenos the Shadowed
   799 | D        | Found a glowing silver altar of Zin.
   799 | D        | Found a glowing golden altar of the Shining One.
   799 | D        | Found a white marble altar of Elyvilon.
   800 | D        | Noticed a deep elf mage
   812 | D        | Killed a deep elf mage
   812 | D        | Your scales start taking on a pale cyan-grey colour.
   812 | D        | Reached XP level 7. HP: 22/52 MP: 11/14
   838 | D        | Learned a level 5 spell: Blade Hands
   986 | D        | Found a radiant altar of Vehumet.
   986 | D        | Found a deep blue altar of Sif Muna.
   986 | D        | Found an ancient bone altar of Kikubaaqudgha.
   995 | D        | Reached * piety under Dithmenos
  1021 | D        | Noticed a shadow
  1029 | D        | Killed a shadow
  1029 | D        | Reached XP level 8. HP: 39/62 MP: 15/15
  1164 | D        | Found a blossoming altar of Fedhas.
  1164 | D        | Found a stormy altar of Qazlal.
  1164 | D        | Found a snail-covered altar of Cheibriados.
  1164 | D        | Found a burning altar of Makhleb.
  1164 | D        | Found a shimmering altar of Xom.
  1165 | D        | Found a hazy altar of Hepliaklqana.
  1165 | D        | Found an opulent altar of Gozag.
  1165 | D        | Found a sparkling altar of Nemelex Xobeh.
  1165 | D        | Found a corrupted altar of Lugonu.
  1165 | D        | Found a viscous altar of Jiyva.
  1176 | D        | Reached ** piety under Dithmenos
  1176 | D        | Reached skill level 5 in Stealth
  1303 | D        | Noticed a two-headed ogre
  1308 | D        | Killed a two-headed ogre
  1308 | D        | Reached *** piety under Dithmenos
  1400 | D        | Killed a yaktaur
  1466 | D        | Noticed an orc high priest
  1466 | D        | Noticed an orc high priest
  1466 | D        | Noticed an orc high priest
  1499 | D        | Noticed an orange demon
  1504 | D        | Killed an orc high priest
  1504 | D        | Reached **** piety under Dithmenos
  1504 | D        | Reached skill level 10 in Transmutations
  1504 | D        | Reached XP level 9. HP: 38/75 MP: 10/16
  1507 | D        | Killed an orc high priest
  1746 | D        | Reached ***** piety under Dithmenos
  1788 | D        | Found Taank's Armour Shoppe.
  1796 | D        | Bought a cursed +0 pair of gloves for 15 gold pieces
  1849 | D        | Noticed a two-headed ogre
  1849 | D        | Noticed Erolcha
  1853 | D        | HP: 1/79 [two-headed ogre/+0 giant club (12)]
  1855 | D        | Slain by a redback

Levels and vault maps discovered:
D:        dungeon_sprint_mu [sprint_mu_entry_cave, sprint_mu_temple_rooms,
          sprint_mu_d1_spiders, sprint_mu_d2_genie, sprint_mu_d3_branching,
          sprint_mu_orc_legion, sprint_mu_elf_gauntlet, sprint_mu_hive_nellie,
          sprint_mu_lair_fedhas, sprint_mu_vaults_butterflies,
          sprint_mu_slime_circle, sprint_mu_swamp_cave, sprint_mu_shoals_kraken,
          sprint_mu_blade_basic, sprint_mu_crypt_lich, sprint_mu_tomb_spiral,
          sprint_mu_vestibule_basic, sprint_mu_gehenna_hellfire,
          sprint_mu_dis_giant, sprint_mu_tartarus_statrot,
          sprint_mu_cocytus_islands, sprint_mu_zot1]

Skill      XL: |  1  2  3  4  5  6  7  8  9 |
---------------+----------------------------+-----
Transmutations | 3 4 6 7 10 11 | 11.3
Unarmed Combat | 4 5 6 8 9 11 | 11.6
Dodging        | 2 3 5 7 9 |  9.5
Poison Magic   | 3 4 5 |  5.0
Spellcasting   | 3 4 |  4.7
Stealth        | 4 7 |  7.7
Fighting       | 2 6 7 |  7.3

Action                   |  1- 3 |  4- 6 |  7- 9 || total
-------------------------+-------+-------+-------++-------
Melee: Unarmed           |    30 |    37 |    75 ||   142
       Tailslap          |     5 |     1 |    10 ||    16
       Punch             |     2 |       |       ||     2
       Headbutt          |     1 |       |       ||     1
 Cast: Beastly Appendage |     2 |       |       ||     2
       Sticks to Snakes  |     3 |     2 |       ||     5
       Spider Form       |       |     3 |     4 ||     7
       Blade Hands       |       |       |     3 ||     3
 Abil: End Transformatio |       |       |     2 ||     2
       Breathe Steam     |       |       |     3 ||     3
  Use: Potion            |     1 |       |     1 ||     2
       Scroll            |       |     1 |       ||     1
 Stab: Sleeping          |     1 |       |     2 ||     3
       Distracted        |       |       |     2 ||     2
  Eat: Chunk             |       |     1 |     1 ||     2
       Ration            |       |       |     1 ||     1
Armor: Skin              |     7 |     1 |     6 ||    14
Dodge: Dodged            |    12 |    19 |    31 ||    62

Table legend:
 A = Non-vault XP
 B = Vault XP
 C = Vault XP percentage of total XP
 D = Non-vault monster count
 E = Vault monster count
 F = Vault count percentage of total count
                 A         B        C        D         E       F
            +---------+---------+-------+---------+---------+-------
      Total |       0 |    4490 | 100.0 |       0 |      34 | 100.0
            +---------+---------+-------+---------+---------+-------
          D |       0 |    4490 | 100.0 |       0 |      34 | 100.0
            +---------+---------+-------+---------+---------+-------
